| TOP OF THE 1ST |
|
Canton Indians batting - Pitching for Winnipeg Goldeyes : RHP Tom Winsor
|
|
Pitching: RHP Tom Winsor
|
|
|
Batting: RHB Jason Roberts
|
0-0: Ball 1-0: Ground out 6-3 (Groundball, 6, EV 105.0 MPH)
|
|
Batting: LHB Costodio Varino
|
0-0: Ball 1-0: SINGLE (Groundball, 4D, EV 107.5 MPH)
|
|
Batting: RHB Carlos Abrego
|
0-0: Ball 1-0: Ball 2-0: Ball 3-0: Called Strike 3-1: 2-RUN HOME RUN (Flyball, 9LD, EV 93.1 MPH), Distance : 334 ft
|
|
Batting: LHB Shane Montalvo
|
0-0: Ball 1-0: Called Strike 1-1: Ball 2-1: Ball 3-1: Called Strike 3-2: Strikes out swinging
|
|
Batting: RHB John Bianconi
|
0-0: SINGLE (Groundball, 4MD, EV 95.6 MPH)
|
|
Batting: RHB Ricky Butts
|
0-0: Ball Wild Pitch! John Bianconi to second 1-0: Called Strike 1-1: Called Strike 1-2: Ball 2-2: Ball 3-2: Foul Ball, location: 2F 3-2: Foul Ball, location: 2F 3-2: Foul Ball, location: 2F 3-2: Fly out, F8 (Flyball, 8LD, EV 102.5 MPH)
|
| Top of the 1st over - 2 runs, 3 hits, 0 errors, 1 left on base; Canton 2 - Winnipeg 0 |
| BOTTOM OF THE 1ST |
|
Winnipeg Goldeyes batting - Pitching for Canton Indians : RHP Chris Cohen
|
|
Pitching: RHP Chris Cohen
|
|
|
Batting: RHB John Dew
|
0-0: Ball 1-0: SINGLE (Groundball, 56S, EV 69.4 MPH) (infield hit)
|
|
Batting: RHB David McClellan
|
0-0: Foul Ball, location: 2F 0-1: TRIPLE (Line Drive, 89XD, EV 105.6 MPH) John Dew scores
|
|
Batting: SHB Ian Thompson
|
0-0: Foul Ball, location: 2F 0-1: SINGLE (Line Drive, 4MD, EV 93.8 MPH) David McClellan scores
|
|
Batting: RHB Steve Raine
|
0-0: Called Strike 0-1: Foul Ball, location: 2F 0-2: Foul Ball, location: 2F 0-2: Foul Ball, location: 2F 0-2: Ball 1-2: 2-RUN HOME RUN (Flyball, 7LD, EV 90.6 MPH), Distance : 343 ft
|
|
Batting: LHB Marvin Shepherd
|
0-0: Called Strike 0-1: Foul Ball, location: 2F 0-2: SOLO HOME RUN (Flyball, 9LD, EV 91.3 MPH), Distance : 343 ft
|
|
Batting: LHB Kuemon Shishido
|
0-0: Ball 1-0: Ball 2-0: SINGLE (Groundball, 6MD, EV 99.4 MPH)
|
|
Pitching: RHP Howard Allen
|
|
|
Batting: LHB Brian Wagner
|
0-0: Fly out, F8 (Flyball, 8RXD, EV 93.1 MPH)
|
|
Batting: RHB Antonio Santos
|
0-0: SINGLE (Flyball, 78S, EV 93.1 MPH) Kuemon Shishido to second
|
|
Batting: RHB Ton van Dijk
|
0-0: Ball 1-0: Called Strike 1-1: Ball 2-1: Ball 3-1: Foul Ball, location: 2F 3-2: Base on Balls Kuemon Shishido to third Antonio Santos to second
|
|
Batting: RHB John Dew
|
0-0: Ball 1-0: Ball 2-0: Ball 3-0: Called Strike 3-1: Base on Balls Kuemon Shishido scores Antonio Santos to third Ton van Dijk to second
|
|
Batting: RHB David McClellan
|
0-0: Called Strike 0-1: Foul Ball, location: 2F 0-2: Foul Ball, location: 2F 0-2: Fly out, F3 (Popup, 23F, EV 92.5 MPH)
|
|
Batting: SHB Ian Thompson
|
0-0: Ball 1-0: Foul Ball, location: 2F 1-1: Ball 2-1: Swinging Strike 2-2: GRAND SLAM HOME RUN (Flyball, 9LD, EV 90.6 MPH), Distance : 334 ft
|
|
Pitching: RHP Terry Sterling
|
|
|
Batting: RHB Steve Raine
|
0-0: Foul Ball, location: 2F 0-1: Ball 1-1: Ball 2-1: Foul Ball, location: 2F 2-2: SINGLE (Line Drive, 8LS, EV 103.8 MPH)
|
|
Batting: LHB Marvin Shepherd
|
0-0: Called Strike 0-1: Ball 1-1: Swinging Strike 1-2: Ball 2-2: Foul Ball, location: 2F 2-2: Foul Ball, location: 2F 2-2: Ball 3-2: Base on Balls Steve Raine to second
|
|
Batting: LHB Kuemon Shishido
|
0-0: Ball 1-0: Ball 2-0: 3-RUN HOME RUN (Line Drive, 78XD, EV 111.3 MPH), Distance : 449 ft
|
|
Batting: LHB Brian Wagner
|
0-0: Foul Ball, location: 2F 0-1: Swinging Strike 0-2: Strikes out looking
|
| Bottom of the 1st over - 13 runs, 10 hits, 0 errors, 0 left on base; Canton 2 - Winnipeg 13 |
| TOP OF THE 2ND |
|
Canton Indians batting - Pitching for Winnipeg Goldeyes : RHP Tom Winsor
|
|
Pitching: RHP Scot Abbott
|
|
|
Batting: RHB Eric Kuck
|
0-0: Called Strike 0-1: Ball 1-1: Ball 2-1: Swinging Strike 2-2: Strikes out looking
|
|
Batting: RHB Luke Burnham
|
0-0: Ball 1-0: Ball 2-0: Swinging Strike 2-1: Foul Ball, location: 2F 2-2: Strikes out looking
|
|
Batting: LHB Justin Eargle
|
0-0: Foul Ball, location: 2F 0-1: Foul Ball, location: 2F 0-2: Foul Ball, location: 2F 0-2: Ball 1-2: Strikes out looking
|
| Top of the 2nd over - 0 runs, 0 hits, 0 errors, 0 left on base; Canton 2 - Winnipeg 13 |
| BOTTOM OF THE 2ND |
|
Winnipeg Goldeyes batting - Pitching for Canton Indians : RHP Terry Sterling
|
|
Pitching: RHP Nate Souza
|
|
|
Batting: RHB Antonio Santos
|
0-0: Ball 1-0: SINGLE (Groundball, 56D, EV 100.0 MPH)
|
|
Batting: RHB Ton van Dijk
|
0-0: Grounds into double play, 4-6-3 (Groundball, 13, EV 85.6 MPH)
|
|
Batting: RHB John Dew
|
0-0: Ball 1-0: Ball 2-0: SOLO HOME RUN (Flyball, 9D, EV 94.4 MPH), Distance : 378 ft
|
|
Batting: RHB David McClellan
|
0-0: Ball 1-0: Ball 2-0: Called Strike 2-1: Foul Ball, location: 2F 2-2: Foul Ball, location: 2F 2-2: Foul Ball, location: 2F 2-2: Strikes out swinging
|
| Bottom of the 2nd over - 1 run, 2 hits, 0 errors, 0 left on base; Canton 2 - Winnipeg 14 |
| TOP OF THE 3RD |
|
Canton Indians batting - Pitching for Winnipeg Goldeyes : RHP Scot Abbott
|
|
Batting: RHB Jason Roberts
|
0-0: Foul Ball, location: 2F 0-1: Fly out, F9 (Flyball, 89D, EV 80.6 MPH)
|
|
Batting: LHB Costodio Varino
|
0-0: Ball 1-0: Foul Ball, location: 2F 1-1: Foul Ball, location: 2F 1-2: Ball 2-2: Ball 3-2: Foul Ball, location: 2F 3-2: SINGLE (Groundball, 34D, EV 106.9 MPH)
|
|
Pitching: RHP Chad Brock
|
|
|
Batting: RHB Carlos Abrego
|
0-0: Swinging Strike 0-1: Ball 1-1: Foul Ball, location: 2F 1-2: SINGLE (Line Drive, 6MD, EV 95.6 MPH) Costodio Varino to second
|
|
Batting: LHB Shane Montalvo
|
0-0: Swinging Strike 0-1: Ball 1-1: Fielders Choice at 2nd, 3-6 (Groundball, 3, EV 78.1 MPH) Costodio Varino to third
|
|
Batting: RHB John Bianconi
|
0-0: Swinging Strike 0-1: Foul Ball, location: 2F 0-2: Ball 1-2: Ball 2-2: Ball 3-2: Foul Ball, location: 2F 3-2: Reached on error, E4 (Groundball, 4M, EV 85.0 MPH) Costodio Varino scores Shane Montalvo to third
|
|
Batting: RHB Ricky Butts
|
0-0: Swinging Strike 0-1: Ball 1-1: Ball 2-1: Ball 3-1: Base on Balls
|
|
Pitching: RHP Larry Muttart
|
|
|
Batting: RHB Eric Kuck
|
0-0: Called Strike 0-1: Called Strike 0-2: Ball 1-2: Ball 2-2: Strikes out swinging
|
| Top of the 3rd over - 1 run, 2 hits, 1 error, 3 left on base; Canton 3 - Winnipeg 14 |
| BOTTOM OF THE 3RD |
|
Winnipeg Goldeyes batting - Pitching for Canton Indians : RHP Nate Souza
|
|
Batting: SHB Ian Thompson
|
0-0: Foul Ball, location: 2F 0-1: Ball 1-1: Ball 2-1: Swinging Strike 2-2: SOLO HOME RUN (Flyball, 9D, EV 101.3 MPH), Distance : 381 ft
|
|
Pitching: RHP Ian Nordquist
|
|
|
Batting: RHB Steve Raine
|
0-0: Called Strike 0-1: Ball 1-1: Foul Ball, location: 2F 1-2: Foul Ball, location: 2F 1-2: Foul Ball, location: 2F 1-2: Ball 2-2: SINGLE (Groundball, 56, EV 98.1 MPH)
|
|
Batting: LHB Marvin Shepherd
|
0-0: Ball 1-0: Ball 2-0: Foul Ball, location: 2F 2-1: Ball 3-1: Base on Balls Steve Raine to second
|
|
Batting: LHB Kuemon Shishido
|
0-0: Ball 1-0: Ball 2-0: Fly out, F8 (Flyball, 8RXD, EV 73.8 MPH) Runner from 2nd tags up, SAFE at 3rd, no throw by CF
|
|
Batting: LHB Brian Wagner
|
Pickoff Throw to First - Out! 1-3 0-0: Called Strike 0-1: Foul Ball, location: 2F 0-2: Ball 1-2: Ground out 5-3 (Groundball, 56, EV 100.6 MPH)
|
| Bottom of the 3rd over - 1 run, 2 hits, 0 errors, 1 left on base; Canton 3 - Winnipeg 15 |
| TOP OF THE 4TH |
|
Canton Indians batting - Pitching for Winnipeg Goldeyes : RHP Larry Muttart
|
|
Batting: RHB Luke Burnham
|
0-0: Called Strike 0-1: Ball 1-1: Fly out, F8 (Flyball, 8RD, EV 76.9 MPH)
|
|
Batting: LHB Justin Eargle
|
0-0: Ball 1-0: Ball 2-0: Ball 3-0: Called Strike 3-1: Base on Balls
|
|
Batting: RHB Jason Roberts
|
0-0: Ball 1-0: Grounds into double play, 4-6-3 (Groundball, 4, EV 88.1 MPH)
|
| Top of the 4th over - 0 runs, 0 hits, 0 errors, 0 left on base; Canton 3 - Winnipeg 15 |
| BOTTOM OF THE 4TH |
|
Winnipeg Goldeyes batting - Pitching for Canton Indians : RHP Ian Nordquist
|
|
Pitching: RHP Steve Gusman
|
|
|
Batting: RHB Antonio Santos
|
0-0: Swinging Strike 0-1: Ball 1-1: Ball 2-1: Foul Ball, location: 2F 2-2: Strikes out swinging
|
|
Batting: RHB Ton van Dijk
|
0-0: Ball 1-0: Foul Ball, location: 2F 1-1: Ball 2-1: Ball 3-1: Foul Ball, location: 2F 3-2: Base on Balls
|
|
Batting: RHB John Dew
|
0-0: Called Strike 0-1: Called Strike 0-2: Ball 1-2: Ball 2-2: Strikes out swinging
|
|
Batting: RHB David McClellan
|
Balk! Ton van Dijk to second 0-0: Ball 1-0: Foul Ball, location: 2F 1-1: Swinging Strike 1-2: Strikes out swinging
|
| Bottom of the 4th over - 0 runs, 0 hits, 0 errors, 1 left on base; Canton 3 - Winnipeg 15 |
| TOP OF THE 5TH |
|
Canton Indians batting - Pitching for Winnipeg Goldeyes : RHP Larry Muttart
|
|
Batting: LHB Costodio Varino
|
0-0: Called Strike 0-1: Called Strike 0-2: Foul Ball, location: 2F 0-2: Foul Ball, location: 2F 0-2: Strikes out swinging
|
|
Pitching: LHP Kevin Drew
|
|
|
Batting: RHB Carlos Abrego
|
0-0: Ball 1-0: Hit by Pitch
|
|
Batting: LHB Shane Montalvo
|
0-0: Called Strike 0-1: Swinging Strike 0-2: Ball 1-2: Foul Ball, location: 2F 1-2: Strikes out looking
|
|
Batting: RHB John Bianconi
|
0-0: Fly out, F8 (Flyball, 8LD, EV 100.6 MPH)
|
| Top of the 5th over - 0 runs, 0 hits, 0 errors, 1 left on base; Canton 3 - Winnipeg 15 |
| BOTTOM OF THE 5TH |
|
Winnipeg Goldeyes batting - Pitching for Canton Indians : RHP Steve Gusman
|
|
Pitching: RHP Kenzo Shinoda
|
|
|
Batting: SHB Ian Thompson
|
0-0: Ball 1-0: Called Strike 1-1: Swinging Strike 1-2: Strikes out looking
|
|
Batting: RHB Steve Raine
|
0-0: Called Strike 0-1: Ball 1-1: Foul Ball, location: 2F 1-2: DOUBLE (Flyball, 78D, EV 98.8 MPH)
|
|
Batting: LHB Marvin Shepherd
|
0-0: Called Strike 0-1: Foul Ball, location: 2F 0-2: Foul Ball, location: 2F 0-2: Ball 1-2: Ball 2-2: Strikes out swinging
|
|
Batting: LHB Kuemon Shishido
|
0-0: Ball 1-0: Ball 2-0: Ball 3-0: Base on Balls
|
|
Pitching: RHP Rich Walker
|
|
|
Batting: LHB Brian Wagner
|
0-0: Ball 1-0: Called Strike 1-1: Ball 2-1: Ground out 4-3 (Groundball, 4, EV 90.6 MPH)
|
| Bottom of the 5th over - 0 runs, 1 hit, 0 errors, 2 left on base; Canton 3 - Winnipeg 15 |
| TOP OF THE 6TH |
|
Canton Indians batting - Pitching for Winnipeg Goldeyes : LHP Kevin Drew
|
|
Batting: RHB Ricky Butts
|
0-0: Ball 1-0: Ball 2-0: SINGLE (Flyball, 6D, EV 89.4 MPH)
|
|
Batting: RHB Eric Kuck
|
0-0: Foul Ball, location: 2F 0-1: Swinging Strike 0-2: Ball 1-2: Strikes out swinging
|
|
Batting: RHB Luke Burnham
|
0-0: Called Strike Ricky Butts steals 2nd base (no throw) 0-1: Foul Ball, location: 2F 0-2: Ball 1-2: SINGLE (Flyball, 5D, EV 85.6 MPH) Ricky Butts to third
|
|
Pitching: LHP David Gordon
|
|
|
Batting: LHB Justin Eargle
|
0-0: Ball 1-0: Foul Ball, location: 2F 1-1: Ball 2-1: Foul Ball, location: 2F 2-2: Foul Ball, location: 2F 2-2: Foul Ball, location: 2F 2-2: Strikes out looking
|
|
Batting: RHB Jason Roberts
|
0-0: Ball 1-0: DOUBLE (Line Drive, 9LM, EV 113.1 MPH) Ricky Butts scores Luke Burnham to third Runner from 3rd tries for Home, SAFE, no throw by RF
|
|
Batting: LHB Costodio Varino
|
0-0: Ball 1-0: Called Strike 1-1: Ball 2-1: Ball 3-1: Swinging Strike 3-2: Ground out 4-3 (Groundball, 34D, EV 102.5 MPH)
|
| Top of the 6th over - 2 runs, 3 hits, 0 errors, 1 left on base; Canton 5 - Winnipeg 15 |
| BOTTOM OF THE 6TH |
|
Winnipeg Goldeyes batting - Pitching for Canton Indians : RHP Rich Walker
|
|
Batting: RHB Antonio Santos
|
0-0: Ball 1-0: Called Strike 1-1: Foul Ball, location: 2F 1-2: SINGLE (Groundball, 34, EV 100.6 MPH)
|
|
Batting: RHB Ton van Dijk
|
0-0: Ball 1-0: Ball 2-0: Ball 3-0: Base on Balls Antonio Santos to second
|
|
Batting: RHB John Dew
|
0-0: Ball Wild Pitch! Antonio Santos to third Ton van Dijk to second 1-0: Foul Ball, location: 2F 1-1: Called Strike 1-2: Ground out 4-3 (Groundball, 4, EV 84.4 MPH) Antonio Santos scores Ton van Dijk to third
|
|
Batting: RHB David McClellan
|
0-0: Called Strike 0-1: Foul Ball, location: 2F 0-2: SINGLE (Line Drive, 4D, EV 100.6 MPH) Ton van Dijk scores
|
|
Pitching: RHP Dave Key
|
|
|
Batting: SHB Ian Thompson
|
0-0: Ball 1-0: Ball 2-0: Ball 3-0: Base on Balls David McClellan to second
|
|
Batting: RHB Steve Raine
|
0-0: Ball 1-0: Ball 2-0: Ball 3-0: Base on Balls David McClellan to third Ian Thompson to second
|
|
Batting: LHB Marvin Shepherd
|
0-0: Called Strike 0-1: Ball 1-1: Swinging Strike 1-2: Ball 2-2: Foul Ball, location: 2F 2-2: Fly out, F9 (Flyball, 89S, EV 76.9 MPH)
|
|
Batting: LHB Kuemon Shishido
|
0-0: Called Strike 0-1: Foul Ball, location: 2F 0-2: Ball 1-2: Strikes out looking
|
| Bottom of the 6th over - 2 runs, 2 hits, 0 errors, 3 left on base; Canton 5 - Winnipeg 17 |
| TOP OF THE 7TH |
|
Canton Indians batting - Pitching for Winnipeg Goldeyes : LHP David Gordon
|
|
Batting: RHB Carlos Abrego
|
0-0: Ball 1-0: Ball 2-0: SOLO HOME RUN (Flyball, 7LD, EV 97.5 MPH), Distance : 350 ft
|
|
Pitching: RHP Tim Weller
|
|
|
Batting: LHB Shane Montalvo
|
0-0: Foul Ball, location: 2F 0-1: SINGLE (Groundball, 34D, EV 106.9 MPH)
|
|
Batting: RHB John Bianconi
|
0-0: Ball 1-0: SINGLE (Line Drive, 8RS, EV 98.1 MPH) Shane Montalvo to second
|
|
Batting: RHB Ricky Butts
|
0-0: Foul Ball, location: 2F 0-1: Foul Ball, location: 2F 0-2: Foul Ball, location: 2F 0-2: Ball 1-2: Ball 2-2: Strikes out looking
|
|
Batting: RHB Eric Kuck
|
0-0: Grounds into double play, 6-4-3 (Groundball, 6, EV 78.1 MPH)
|
| Top of the 7th over - 1 run, 3 hits, 0 errors, 1 left on base; Canton 6 - Winnipeg 17 |
| BOTTOM OF THE 7TH |
|
Winnipeg Goldeyes batting - Pitching for Canton Indians : RHP Dave Key
|
|
Pitching: RHP Kevin Trull
|
|
|
Batting: LHB Brian Wagner
|
0-0: Ball 1-0: SINGLE (Flyball, 89S, EV 89.4 MPH) - OUT at second base trying to stretch hit.
|
|
Batting: RHB Antonio Santos
|
0-0: Ball 1-0: Called Strike 1-1: Fly out, F7 (Line Drive, 7, EV 90.0 MPH)
|
|
Batting: RHB Ton van Dijk
|
0-0: Called Strike 0-1: SINGLE (Line Drive, 7S, EV 97.5 MPH)
|
|
Batting: RHB John Dew
|
Balk! Ton van Dijk to second 0-0: Swinging Strike 0-1: Ball 1-1: Ball 2-1: Called Strike 2-2: 2-RUN HOME RUN (Flyball, 7LD, EV 96.3 MPH), Distance : 357 ft
|
|
Batting: RHB David McClellan
|
0-0: Ball 1-0: Ball 2-0: Foul Ball, location: 2F 2-1: Foul Ball, location: 2F 2-2: Ball 3-2: Reached on error, E5 (Groundball, 56, EV 87.5 MPH)
|
|
Batting: SHB Ian Thompson
|
0-0: Ball 1-0: Ball 2-0: Ball 3-0: Base on Balls David McClellan to second
|
|
Batting: RHB Steve Raine
|
0-0: SINGLE (Groundball, 4MD, EV 108.1 MPH) David McClellan to third Ian Thompson to second Runner from 3rd tries for Home, SAFE, throw by CF to home
|
|
Batting: LHB Marvin Shepherd
|
0-0: Foul Ball, location: 2F 0-1: Swinging Strike 0-2: Ball 1-2: Ground out U3 (Groundball, 34, EV 107.5 MPH)
|
| Bottom of the 7th over - 3 runs, 4 hits, 1 error, 2 left on base; Canton 6 - Winnipeg 20 |
| TOP OF THE 8TH |
|
Canton Indians batting - Pitching for Winnipeg Goldeyes : RHP Tim Weller
|
|
Batting: RHB Luke Burnham
|
0-0: Called Strike 0-1: Ball 1-1: Swinging Strike 1-2: Ground out 4-3 (Groundball, 4, EV 90.0 MPH)
|
|
Batting: LHB Justin Eargle
|
0-0: Ball 1-0: Ball 2-0: Ball 3-0: Called Strike 3-1: Called Strike 3-2: Base on Balls
|
|
Pitching: RHP Manny Molina
|
|
|
Batting: RHB Jason Roberts
|
0-0: Foul Ball, location: 2F 0-1: Foul Ball, location: 2F 0-2: Ball 1-2: Fly out, F8 (Line Drive, 8LD, EV 87.5 MPH)
|
|
Batting: LHB Costodio Varino
|
0-0: Ball 1-0: Foul Ball, location: 2F 1-1: SINGLE (Groundball, 4D, EV 108.1 MPH) Justin Eargle to second
|
|
Batting: RHB Carlos Abrego
|
0-0: Swinging Strike 0-1: Swinging Strike 0-2: Foul Ball, location: 2F 0-2: SINGLE (Groundball, 6MS, EV 73.1 MPH) (infield hit) Justin Eargle to third Costodio Varino to second
|
|
Batting: LHB Shane Montalvo
|
0-0: Fly out, F8 (Flyball, 8LXD, EV 86.9 MPH)
|
| Top of the 8th over - 0 runs, 2 hits, 0 errors, 3 left on base; Canton 6 - Winnipeg 20 |
| BOTTOM OF THE 8TH |
|
Winnipeg Goldeyes batting - Pitching for Canton Indians : RHP Kevin Trull
|
|
Pinch Hitting: RHB Wil Patterson
|
0-0: Ball 1-0: SINGLE (Line Drive, 89S, EV 106.9 MPH)
|
|
Batting: LHB Brian Wagner
|
0-0: Foul Ball, location: 2F 0-1: Ball 1-1: Ball 2-1: Ball 3-1: Foul Ball, location: 2F 3-2: Base on Balls Wil Patterson to second
|
|
Batting: RHB Antonio Santos
|
0-0: SINGLE (Line Drive, 9LS, EV 95.0 MPH) Wil Patterson to third Brian Wagner to second
|
|
Batting: RHB Ton van Dijk
|
0-0: Ball 1-0: Called Strike 1-1: Called Strike 1-2: Strikes out swinging
|
|
Batting: RHB John Dew
|
0-0: Called Strike 0-1: SINGLE (Line Drive, 8RM, EV 93.1 MPH) Wil Patterson scores Brian Wagner to third Antonio Santos to second
|
|
Batting: RHB David McClellan
|
0-0: SINGLE (Flyball, 8RS, EV 93.8 MPH) Brian Wagner scores Antonio Santos to third John Dew to second
|
|
Batting: SHB Ian Thompson
|
0-0: Swinging Strike 0-1: Ball 1-1: Foul Ball, location: 2F 1-2: Foul Ball, location: 2F 1-2: Ball 2-2: Ball 3-2: Base on Balls Antonio Santos scores John Dew to third David McClellan to second
|
|
Batting: RHB Steve Raine
|
0-0: Foul Ball, location: 2F 0-1: SINGLE (Line Drive, 9LS, EV 94.4 MPH) John Dew scores David McClellan to third Ian Thompson to second
|
|
Batting: LHB Marvin Shepherd
|
0-0: Ball Wild Pitch! David McClellan scores Ian Thompson to third Steve Raine to second 1-0: Ball 2-0: Ball 3-0: Base on Balls
|
|
Batting: RHB Wil Patterson
|
0-0: Foul Ball, location: 2F 0-1: Grounds into double play, 4-6-3 (Groundball, 34, EV 81.3 MPH)
|
| Bottom of the 8th over - 5 runs, 5 hits, 0 errors, 2 left on base; Canton 6 - Winnipeg 25 |
| TOP OF THE 9TH |
|
Canton Indians batting - Pitching for Winnipeg Goldeyes : RHP Manny Molina
|
|
Now at 1B: Wil Patterson
|
|
|
Batting: RHB John Bianconi
|
0-0: Foul Ball, location: 2F 0-1: Ground out 6-3 (Groundball, 4MS, EV 88.1 MPH)
|
|
Batting: RHB Ricky Butts
|
0-0: Fly out, F6 (Flyball, 6D, EV 91.9 MPH)
|
|
Batting: RHB Eric Kuck
|
0-0: Called Strike 0-1: Foul Ball, location: 2F 0-2: SINGLE (Flyball, 78S, EV 93.8 MPH)
|
|
Batting: RHB Luke Burnham
|
0-0: Fly out, F3 (Line Drive, 3, EV 65.6 MPH)
|
| Top of the 9th over - 0 runs, 1 hit, 0 errors, 1 left on base; Canton 6 - Winnipeg 25 |
|